 Dungeon Crawl Stone Soup version 0.27-a0-1548-gf8a67e7463 (webtiles) character file.

Game seed: 15003634152615706798

168 pokeman the Magician (level 5, 0/29 HPs)
             Began as a Deep Elf Hedge Wizard on July 14, 2021.
             Slain by a bullfrog (1 damage)
             ... on level 4 of the Dungeon.
             The game lasted 00:08:19 (4183 turns).

pokeman the Magician (Deep Elf Hedge Wizard)        Turns: 4183, Time: 00:08:20

Health: 0/29       AC:  4    Str:  7    XL:     5   Next: 23%
Magic:  5/15       EV: 12    Int: 20    God:
Gold:   164        SH:  0    Dex: 14    Spells: 5/16 levels left

rFire    . . .     SeeInvis .   d - staff of poison
rCold    . . .     Faith    .   (no shield)
rNeg     . . .     Spirit   .   a - +0 leather armour
rPois    +         Reflect  .   c - +0 hat
rElec    .         Harm     .   i - +0 cloak
rCorr    .         Rampage  .   (no gloves)
Will     .....                  (no boots)
Stlth    ++........             (no amulet)
HPRegen  0.09/turn              (no ring)
MPRegen  0.14/turn              (no ring)

@: very slightly contaminated
A: no striking features
a: no special abilities


You were on level 4 of the Dungeon.
You visited 1 branch of the dungeon, and saw 4 of its levels.

You collected 164 gold pieces.

Inventory:

Hand Weapons
 h - a +3 quarterstaff of chaos
Missiles
 k - 2 throwing nets
 o - 61 arrows
Armour
 a - a +0 leather armour (worn)
 c - a +0 hat (worn)
 i - a +0 cloak (worn)
Magical Staves
 d - a staff of poison (weapon)
Scrolls
 e - a scroll of noise {unknown}
 f - a scroll of fog {unknown}
 g - 3 scrolls of teleportation {unknown}
 p - a scroll of fear {unknown}
Potions
 b - a potion of haste
 j - a potion of brilliance {unknown}
 l - 2 potions of attraction {unknown}
 m - a potion of curing {unknown}
 n - a potion of flight {unknown}


   Skills:
 - Level 1.1 Fighting
 - Level 1.0 Armour
 + Level 3.0 Dodging
 - Level 2.4 Stealth
 * Level 6.1 Spellcasting
 + Level 2.6 Conjurations
 - Level 1.1 Summonings
 - Level 1.1 Translocations
 - Level 1.2 Fire Magic
 + Level 0.3 Air Magic


You had 5 spell levels left.
You knew the following spells:

 Your Spells              Type           Power      Damage    Failure   Level
a - Magic Dart            Conj           64%        1d6       4%          1
b - Mephitic Cloud        Conj/Pois/Air  15%        N/A       30%         3
c - Call Imp              Summ           10%        N/A       14%         2
d - Blink                 Tloc           N/A        N/A       14%         2
e - Conjure Flame         Conj/Fire      13%        6-21      21%         3

Your spell library contained the following spells:

 Spells                   Type           Power      Damage    Failure   Level
 Slow                     Hex            6%         N/A       22%         2
 Frozen Ramparts          Ice            12%        1d3       41%         3
 Summon Ice Beast         Ice/Summ       8%         N/A       75%         4
 Ice Form                 Ice/Tmut       6%         N/A       83%         4


Dungeon Overview and Level Annotations

Branches:
Dungeon (4/15)
 Temple: D:4-7

Altars:
Fedhas
Okawaru
Zin

Shops:
D:1 (


Message History

Casting: Magic Dart (safe; 4% risk of failure)
Confirm with . or Enter, or press ? or * to list all spells.
You can't see any susceptible monsters within range! (Use Z to cast anyway.) Unknown command.
A bullfrog is nearby!
Casting: Magic Dart (safe; 4% risk of failure)
Confirm with . or Enter, or press ? or * to list all spells.
Aiming: Magic Dart (safe; 4% risk of failure)
Press: ? - help, Shift-Dir - straight line, f/p - bullfrog
Aim: a bullfrog (moderately wounded, 100% to hit)
The magic dart hits the bullfrog.
The bullfrog is heavily wounded.
Casting: Magic Dart (safe; 4% risk of failure)
Confirm with . or Enter, or press ? or * to list all spells.
Aiming: Magic Dart (safe; 4% risk of failure)
Press: ? - help, Shift-Dir - straight line, f/p - bullfrog
Aim: a bullfrog (heavily wounded, 100% to hit)
The magic dart hits the bullfrog.
The bullfrog is severely wounded.
The bullfrog hits you!
* * * LOW HITPOINT WARNING * * *
The bullfrog barely misses you.
Casting: Magic Dart (safe; 4% risk of failure)
Confirm with . or Enter, or press ? or * to list all spells.
Aiming: Magic Dart (safe; 4% risk of failure)
Press: ? - help, Shift-Dir - straight line, f/p - bullfrog
Aim: a bullfrog (severely wounded, 100% to hit)
You miscast Magic Dart.
You are very lightly contaminated with residual magic.
Nothing appears to happen.
The bullfrog closely misses you.
Unknown command.
Casting: Magic Dart (safe; 4% risk of failure)
Confirm with . or Enter, or press ? or * to list all spells.
Aiming: Magic Dart (safe; 4% risk of failure)
Press: ? - help, Shift-Dir - straight line, f/p - bullfrog
Aim: a bullfrog (severely wounded, 100% to hit)
The magic dart hits the bullfrog.
The bullfrog is almost dead.
The bullfrog misses you. The bullfrog hits you.
You die...

#.# #.# ###.# #.#
############ ..#.# #.#
##.).........#
....###.###.....[......#
#............##.##(#....
>...###..............#.#
##.## ##.###.##.##.###.#
#.# #.# #.##.##.# .# #.#
#.# #....@F.###.# ##.###
#.# ####........# .....#
#.# ########.#
.....###.# .# .....>...#
.. .....##### ##. .....#
.. ##.### .. #># ###


You could see a bullfrog.

Vanquished Creatures
  Crazy Yiuf (D:2)
  An orc wizard (D:4)
  5 adders (D:2)
  3 worms
  3 orcs (D:4)
  2 ball pythons
  9 bats
  2 endoplasms (D:1)
  3 giant cockroaches
  7 goblins
  3 hobgoblins (D:1)
  5 jackals
  2 quokkas (D:2)
  4 frilled lizards
  9 kobolds
59 creatures vanquished.

Vanquished Creatures (collateral kills)
  A jackal (D:1)
1 creature vanquished.

Vanquished Creatures (others)
  A plant (D:4)
1 creature vanquished.

Grand Total: 61 creatures vanquished

Notes
Turn   | Place    | Note
-------+----------+-------------------------------------------
     0 | D:1      | pokeman the Deep Elf Hedge Wizard began the quest for the
                  | Orb.
     0 | D:1      | Reached XP level 1. HP: 10/10 MP: 7/7
   110 | D:1      | Found Dinal's Weapon Boutique.
   205 | D:1      | You fall into a shaft and drop 1 floor!
   213 | D:2      | Reached XP level 2. HP: 16/16 MP: 3/9
   557 | D:1      | Reached skill level 5 in Spellcasting
   697 | D:1      | Found a faded altar of an unknown god.
   844 | D:1      | Reached XP level 3. HP: 20/20 MP: 6/11
   848 | D:1      | Learned a level 3 spell: Mephitic Cloud
   851 | D:1      | Learned a level 2 spell: Call Imp
   854 | D:1      | Learned a level 2 spell: Blink
   858 | D:1      | Learned a level 3 spell: Conjure Flame
  1477 | D:1      | Reached skill level 1 in Fighting
  1839 | D:2      | Reached skill level 1 in Armour
  2276 | D:2      | Reached XP level 4. HP: 11/25 MP: 5/13
  2888 | D:2      | Found a runed translucent door.
  2889 | D:2      | Noticed Crazy Yiuf
  3151 | D:2      | Killed Crazy Yiuf
  3152 | D:2      | Reached skill level 1 in Fire Magic
  3463 | D:3      | Reached skill level 6 in Spellcasting
  3477 | D:3      | Reached XP level 5. HP: 29/29 MP: 3/15
  3939 | D:4      | Found a blossoming altar of Fedhas.
  3988 | D:4      | Noticed a necrophage
  3994 | D:4      | Found a glowing silver altar of Zin.
  4084 | D:4      | Found an iron altar of Okawaru.
  4181 | D:4      | HP: 1/29 [bullfrog (7)]
  4183 | D:4      | Slain by a bullfrog

Illustrated notes

Levels and vault maps discovered:
D:1:      psy_arrival_fountain, layout_loops_corners, serial_shops, shop,
          dreamdust_ecumenical_altar_statues, corexii_item_surrounded_by_moat
D:2:      layout_loops_corners, serial_glass, glass_columns_c, glass_columns_b,
          uniq_crazy_yiuf_cottage
D:3:      layout_basic
D:4:      layout_loops_ring, lemuel_crystal_altar, mainiacjoe_overflow_catwalk,
          okawaru_metal_pillars_3, tso_oasis_becter, uniq_robin

Skill      XL: |  1  2  3  4  5 |
---------------+----------------+-----
Spellcasting   | 5 6 |  6.1
Fighting       | 1 |  1.1
Conjurations   | 2 |  2.6
Armour         | 1 |  1.0
Fire Magic     | 1 |  1.2
Dodging        | 3 |  3.0
Stealth        | |  2.4
Summonings     | |  1.1
Translocations | |  1.1
Air Magic      | |  0.3

Action                   |  1- 3 |  4- 6 || total
-------------------------+-------+-------++-------
Melee: Dagger            |     2 |       ||     2
       Staff             |    16 |    18 ||    34
 Cast: Magic Dart        |   106 |    65 ||   171
       Mephitic Cloud    |     1 |     5 ||     6
       Blink             |     1 |     1 ||     2
       Call Imp          |     1 |     1 ||     2
 Stab: Confused          |     1 |     4 ||     5
Armor: Robe              |     3 |       ||     3
       Leather armour    |    11 |     5 ||    16
Dodge: Dodged            |    49 |    20 ||    69

Table legend: (Time is in decaauts)
 A = Elapsed time spent in this place.
 B = Non-inter-level travel time spent in this place.
 C = Inter-level travel time spent in this place.
 D = Time resting spent in this place.
 E = Time spent auto-exploring this place.
 F = Levels seen in this place.
 G = Mean time per level.
                   A        B        C        D        E       F      G
               +--------+--------+--------+--------+--------+-----+--------+
         Total |   4192 |   4070 |    122 |     31 |   3560 |   4 | 1048.0 |
       Dungeon |   4192 |   4070 |    122 |     31 |   3560 |   4 | 1048.0 |
               +--------+--------+--------+--------+--------+-----+--------+

Top non-repeatable levels by time:
     D:2: 1760 daAuts
     D:1: 1486 daAuts
     D:3: 764 daAuts
     D:4: 181 daAuts
